 Dungeon Crawl Stone Soup version 0.28.0-43-g3370ac3207 (webtiles) character file.

Game seed: 4270157618469085102

969 terff the Covert (level 8, -1/52 HPs)
             Began as an Octopode Brigand on Mar 20, 2022.
             Was a Priest of Dithmenos.
             Slain by an orc
             ... wielding a +0 hand axe
              (3 damage)
             ... on level 5 of the Dungeon.
             The game lasted 00:15:03 (4743 turns).

terff the Covert (Octopode Brigand)                 Turns: 4743, Time: 00:15:04

Health: -1/52      AC:  8    Str: 10    XL:     8   Next: 16%
Magic:  8/8        EV: 14    Int: 14    God:    Dithmenos [***...]
Gold:   184        SH:  0    Dex: 15    Spells: 7/7 levels left

rFire   + . .      SeeInvis .   e - +1 dagger (protect)
rCold   . . .      Faith    .   (no shield)
rNeg    . . .      Spirit   .   (helmet restricted)
rPois   .          Reflect  .   (no amulet)
rElec   .          Harm     .   k - ring of resist corrosion
rCorr   +          Rampage  .   q - ring of protection from fire
Will    .....                   (no ring)
Stlth   +++++++...              (no ring)
HPRegen 0.17/turn               (no ring)
MPRegen 0.11/turn               (no ring)
                                (no ring)
                                (no ring)

@: under a protective aura, wreathed by umbra
A: almost no armour, amphibious, 8 rings, camouflage 1, gelatinous body 1,
(nimble swimmer 1), tentacles
a: Renounce Religion, Shadow Step


You were on level 5 of the Dungeon.
You worshipped Dithmenos.
Dithmenos was most pleased with you.
You visited 1 branch of the dungeon, and saw 5 of its levels.

You collected 184 gold pieces.

Inventory:

Hand Weapons
 a - a +3 dagger
 e - a +1 dagger of protection (weapon)
Missiles
 b - 23 poisoned darts (quivered)
 c - 2 curare-tipped darts
Armour
 i - a scarf of resistance
Magical Staves
 d - a staff of conjuration
Jewellery
 k - a ring of resist corrosion (left tentacle)
 q - a ring of protection from fire (right tentacle)
Wands
 r - a wand of flame (19)
Scrolls
 n - a scroll of silence {unknown}
 p - a scroll of fog {unknown}
Potions
 f - a potion of cancellation
 g - a potion of curing
 h - a potion of flight {unknown}
 j - a potion of mutation {unknown}
 l - a potion of resistance {unknown}
 m - a potion of brilliance {unknown}
 o - a potion of ambrosia {unknown}


   Skills:
 + Level 3.2 Fighting
 + Level 4.9 Short Blades
 + Level 2.3 Throwing
 + Level 3.9 Dodging
 + Level 10.2 Stealth
 + Level 0.1 Invocations


You had 7 spell levels left.
You didn't know any spells.
Your spell library contained the following spells:

 Spells                   Type           Power      Damage    Failure   Level
 Sandblast                Erth           0%         2d4       28%         1
 Passwall                 Tmut/Erth      0%         N/A       41%         2
 Stone Arrow              Conj/Erth      0%         3d7       65%         3


Dungeon Overview and Level Annotations

Branches:
Dungeon (5/15)             Temple (0/1) D:5

Altars:
Dithmenos
Okawaru


Innate Abilities, Weirdness & Mutations

You cannot wear most types of armour.
You are amphibious.
You can wear up to eight rings at the same time.
Your skin changes colour to match your surroundings (Stealth+).
Your rubbery body absorbs attacks. (AC +1, EV +1)
((You are camouflaged when in or above water. (Stealth+)))
You have tentacles for arms and can constrict up to eight enemies at once.


Message History

The orc misses you. The water moccasin zombie bites you.
* * * LOW HITPOINT WARNING * * *
The orc closely misses you. The orc hits you with a +0 mace.
* * * LOW HITPOINT WARNING * * *
You barely miss the orc. Your grab misses the orc. You hit the orc.
Your weapon exudes an aura of protection.
You grab the orc.
The orc is lightly wounded.
You constrict the orc, but do no damage.
The orc hits you with a +0 mace.
* * * LOW HITPOINT WARNING * * *
The orc hits you with a +0 hand axe.
* * * LOW HITPOINT WARNING * * *
You release your grip on the orc.
You closely miss the orc. You grab the orc.
The orc is lightly wounded.
You constrict the orc. The orc barely misses you.
The orc hits you with a +0 hand axe.
* * * LOW HITPOINT WARNING * * *
You hit the orc. You squeeze the orc.
You kill the orc!
Dithmenos accepts your kill. The orc hits you but does no damage.
You hit the water moccasin zombie. You grab the water moccasin zombie.
The water moccasin zombie is moderately damaged.
You constrict the water moccasin zombie, but do no damage.
The water moccasin zombie bites you but does no damage.
You hit the water moccasin zombie.
The water moccasin zombie is heavily damaged.
You constrict the water moccasin zombie.
The orc barely misses you.
The water moccasin zombie bites you but does no damage.
You hit the water moccasin zombie.
The water moccasin zombie is heavily damaged.
You constrict the water moccasin zombie.
The water moccasin zombie closely misses you.
The orc hits you with a +0 hand axe.
You die...

#................'...#..........
#................#...#..........
#................#...+..........
#######..###########.##'##......
#...##..####...####.##.#######.
.........#.......#......# #..
.........#.......#...)..# #..
.........#...Z...#..))..# #..
#..##.))##...)@..#......# ##..
#..##...##...o...##....## #...
..................###### ####
........##........#
........########### .........
...##...# ### #...# #....


You could see an orc and a water moccasin zombie.

Vanquished Creatures
  Sigmund (D:3)
  A sky beast (D:5)
  A centaur (D:4)
  2 ogres (D:4)
  A phantom (D:5)
  An orc priest (D:4)
  A bullfrog skeleton (D:4)
  3 orc wizards
  2 hound skeletons
  Robin (D:4)
  6 gnolls
  7 adders
  3 dart slugs
  15 orcs
  6 endoplasms
  A giant cockroach (D:1)
  14 goblins
  11 hobgoblins
  7 jackals
  16 kobolds
  A quokka (D:3)
  6 ball pythons
  4 bats
  A frilled lizard (D:3)
  2 rats (D:2)
114 creatures vanquished.

Notes
Turn   | Place    | Note
-------+----------+-------------------------------------------
     0 | D:1      | terff the Octopode Brigand began the quest for the Orb.
     0 | D:1      | Reached XP level 1. HP: 14/14 MP: 1/1
   226 | D:1      | Reached XP level 2. HP: 16/19 MP: 2/2
   307 | D:1      | Found a faded altar of an unknown god.
   327 | D:1      | Prayed at the altar of an unknown god.
   327 | D:1      | Became a worshipper of Dithmenos the Shadowed
   327 | D:1      | Reached * piety under Dithmenos
   834 | D:2      | Reached skill level 6 in Stealth
   834 | D:2      | Reached XP level 3. HP: 24/24 MP: 3/3
  1389 | D:2      | Reached XP level 4. HP: 22/29 MP: 4/4
  1582 | D:2      | Noticed an ogre
  1896 | D:3      | Reached ** piety under Dithmenos
  1897 | D:3      | Reached skill level 7 in Stealth
  2133 | D:3      | Noticed Sigmund
  2156 | D:3      | Killed Sigmund
  2157 | D:3      | Reached skill level 8 in Stealth
  2157 | D:3      | Reached XP level 5. HP: 13/35 MP: 5/5
  2157 | D:3      | Reached XP level 6. HP: 16/41 MP: 6/6
  2294 | D:3      | Found an iron altar of Okawaru.
  2994 | D:4      | Noticed Robin
  3248 | D:4      | Reached *** piety under Dithmenos
  3251 | D:4      | Killed Robin
  3333 | D:4      | Reached skill level 9 in Stealth
  3333 | D:4      | Reached XP level 7. HP: 45/45 MP: 7/7
  4228 | D:5      | Entered Level 5 of the Dungeon
  4241 | D:5      | Found a staircase to the Ecumenical Temple.
  4527 | D:5      | Reached skill level 10 in Stealth
  4527 | D:5      | Reached XP level 8. HP: 36/52 MP: 8/8
  4739 | D:5      | HP: 2/52 [orc/+0 hand axe (4)]
  4743 | D:5      | Slain by an orc

Illustrated notes

Levels and vault maps discovered:
D:1:      amcnicky_arrival_double_pillar, layout_loops_ring,
          ebering_ecumenical_altar_box
D:2:      layout_basic
D:3:      cheibrodos_helix_gallery, layout_rooms, okawaru_altar_gauntlet_db,
          serial_rivers, chequers_serial_rivers_small_a,
          chequers_serial_rivers_room_b, chequers_serial_rivers_large_a,
          chequers_serial_rivers_micro_d, chequers_serial_rivers_micro_a,
          chequers_serial_rivers_small_3, minmay_misc_feat_four_crosses,
          uniq_sigmund
D:4:      layout_cave_pods, uniq_robin
D:5:      layout_gridville, led_xom_imps, minmay_temple_entry_mini_moons,
          minmay_misc_feat_cross

Skill      XL: |  1  2  3  4  5  6  7 |
---------------+----------------------+-----
Stealth        | 6 8 9 10 | 10.2
Dodging        | 2 3 |  3.9
Short Blades   | 3 4 |  4.9
Fighting       | 3 |  3.2
Throwing       | |  2.3
Invocations    | |  0.1

Action                   |  1- 3 |  4- 6 |  7- 9 || total
-------------------------+-------+-------+-------++-------
Melee: Dagger            |    49 |   163 |   107 ||   319
       Constrict         |    10 |    39 |    16 ||    65
       Tentacles         |     9 |    36 |    20 ||    65
       Punch             |       |     2 |     3 ||     5
Invok: Shadow Step       |       |       |     1 ||     1
  Use: Scroll            |     2 |     2 |     2 ||     6
 Stab: Sleeping          |    10 |    17 |     6 ||    33
Armor: Skin              |     7 |    37 |    23 ||    67
Dodge: Dodged            |    19 |   159 |    81 ||   259
